 Dungeon Crawl Stone Soup version 0.23-a0-143-g1adec7b (webtiles) character file.

69 Amnesiac the Chiller (level 4, -2/30 HPs)
             Began as a Mummy Ice Elementalist on Sept 2, 2018.
             Slain by a water moccasin zombie (5 damage)
             ... in an ossuary.
             The game lasted 00:07:10 (2450 turns).

Amnesiac the Chiller (Mummy Ice Elementalist)       Turns: 2450, Time: 00:07:11

Health: -2/30      AC:  3    Str: 11    XL:     4   Next: 2%
Magic:  1/9        EV: 12    Int: 15    God:
Gold:   50         SH:  0    Dex: 12    Spells: 0/10 levels left

rFire    . . .     SeeInvis .   (no weapon)
rCold    + . .     Gourm    .   (no shield)
rNeg     + + +     Faith    .   a - +0 robe
rPois    ∞         Spirit   .   (no helmet)
rElec    .         Reflect  .   (no cloak)
rCorr    .         Harm     .   (no gloves)
MR       .....                  d - +0 pair of boots
Stlth    ++........             (no amulet)
HPRegen  0.10/turn              b - ring of protection from fire
MPRegen  0.11/turn              (no ring)

@: no status effects
A: no food or potions, fire vulnerability, cold resistance 1, negative energy
resistance 3, torment resistance, unbreathing
a: no special abilities


You were in an ossuary.
You were not hungry.

You visited 1 branch of the dungeon, and saw 4 of its levels.
You also visited: Ossuary.

You collected 50 gold pieces.

Inventory:

Armour
 a - a +0 robe (worn)
 d - a +0 pair of boots (worn)
Jewellery
 b - a ring of protection from fire (left hand)
Scrolls
 c - a scroll of identify {!r, unknown}
 e - a scroll of enchant armour {!r, unknown}


   Skills:
 - Level 1.5 Dodging
 - Level 1.5 Stealth
 + Level 3.6 Spellcasting
 - Level 0.7 Conjurations
 * Level 3.6 Ice Magic


You couldn't memorise any spells.
You knew the following spells:

 Your Spells              Type           Power        Failure   Level  Hunger
a - Freeze                Ice            ##..         4%          1    N/A
b - Ozocubu's Armour      Chrm/Ice       #.......     26%         3    N/A
c - Summon Ice Beast      Ice/Summ       #.......     65%         4    N/A
e - Throw Frost           Conj/Ice       #.....       12%         2    N/A

Your spell library contained the following spells:

 Spells                   Type           Power        Failure   Level  Hunger
 Throw Icicle             Conj/Ice       #.......     58%         4    N/A

Dungeon Overview and Level Annotations

Branches:
Dungeon (4/15)
 Temple: D:4-7

Altars:


Innate Abilities, Weirdness & Mutations

You do not eat or drink.
Your flesh is vulnerable to fire.
You are immune to poison.
Your flesh is cold resistant. (rC+)
You are immune to negative energy. (rN+++)
You are immune to unholy pain and torment.
You can survive without breathing.


Message History

Confirm with . or Enter, or press ? or * to list all spells.
Aiming: Freeze (safe; 4% risk of failure)
Press: ? - help, Shift-Dir - straight line, f/p - water moccasin zombie
Aim: a water moccasin zombie (lightly damaged)
You freeze the water moccasin zombie.
The water moccasin zombie completely resists.
The water moccasin zombie is lightly damaged.
The water moccasin zombie barely misses you.
Your ice beast freezes the water moccasin zombie.
The water moccasin zombie resists.
Casting: Freeze (safe; 4% risk of failure)
Confirm with . or Enter, or press ? or * to list all spells.
Aiming: Freeze (safe; 4% risk of failure)
Press: ? - help, Shift-Dir - straight line, f/p - water moccasin zombie
Aim: a water moccasin zombie (lightly damaged)
You freeze the water moccasin zombie.
The water moccasin zombie completely resists.
The water moccasin zombie is lightly damaged.
The water moccasin zombie misses you.
Your ice beast freezes the water moccasin zombie.
The water moccasin zombie completely resists.
Casting: Freeze (safe; 4% risk of failure)
Confirm with . or Enter, or press ? or * to list all spells.
Aiming: Freeze (safe; 4% risk of failure)
Press: ? - help, Shift-Dir - straight line, f/p - water moccasin zombie
Aim: a water moccasin zombie (moderately damaged)
You freeze the water moccasin zombie.
The water moccasin zombie completely resists.
The water moccasin zombie is moderately damaged.
The water moccasin zombie bites you!
* * * LOW HITPOINT WARNING * * *
Casting: Freeze (safe; 4% risk of failure)
Confirm with . or Enter, or press ? or * to list all spells.
Aiming: Freeze (safe; 4% risk of failure)
Press: ? - help, Shift-Dir - straight line, f/p - water moccasin zombie
Aim: a water moccasin zombie (moderately damaged)
You freeze the water moccasin zombie.
The water moccasin zombie resists.
The water moccasin zombie is moderately damaged.
The water moccasin zombie bites you.
* * * LOW HITPOINT WARNING * * *
Your ice beast freezes the water moccasin zombie.
The water moccasin zombie completely resists.
Casting: Freeze (safe; 4% risk of failure)
Confirm with . or Enter, or press ? or * to list all spells.
Aiming: Freeze (safe; 4% risk of failure)
Press: ? - help, Shift-Dir - straight line, f/p - water moccasin zombie
Aim: a water moccasin zombie (moderately damaged)
You freeze the water moccasin zombie.
The water moccasin zombie resists.
The water moccasin zombie is moderately damaged.
The water moccasin zombie bites you.
* * * LOW HITPOINT WARNING * * *
Your ice beast freezes the water moccasin zombie.
The water moccasin zombie resists.
The water moccasin zombie barely misses you.
You hit the water moccasin zombie.
The water moccasin zombie is heavily damaged.
The water moccasin zombie bites you.
* * * LOW HITPOINT WARNING * * *
Your ice beast disappears in a puff of smoke!
Really read
f - a scroll labeled RERHOT YRAT {!r}?
As you read the scroll labeled RERHOT YRAT {!r}, it crumbles to dust.
The scroll dissolves into smoke.
It was a scroll of fog {!r}.
The water moccasin zombie bites you.
You die...

#..^#
#'###
#...#
#...#
#...#
#...#
##§##
#§§§#
#§@§#
#§Z§#
#§§.#
##'##
+...#
#...#
#...#
#####


You could see a water moccasin zombie.

Vanquished Creatures
  A worker ant (D:4)
  A big kobold zombie (Ossuary)
  An ooze (D:2)
  2 adder zombies (Ossuary)
  A dart slug (D:1)
  A leopard gecko (D:4)
  A bat (D:1)
  4 goblins (D:2)
  4 hobgoblins
  4 kobolds
  A gnoll zombie (Ossuary)
  A hobgoblin zombie (Ossuary)
  4 kobold zombies (Ossuary)
  2 orc zombies (Ossuary)
28 creatures vanquished.

Vanquished Creatures (others)
  A big kobold zombie (Ossuary)
  2 gnoll zombies (Ossuary)
  A hobgoblin zombie (Ossuary)
4 creatures vanquished.

Grand Total: 32 creatures vanquished

Notes
Turn   | Place    | Note
-------+----------+-------------------------------------------
     0 | D:1      | Amnesiac the Mummy Ice Elementalist began the quest for the
                  | Orb.
     0 | D:1      | Reached XP level 1. HP: 13/13 MP: 4/4
   270 | D:1      | Reached XP level 2. HP: 15/19 MP: 1/5
   317 | D:1      | Learned a level 2 spell: Throw Frost
   695 | D:4      | Found a sand-covered staircase.
   747 | D:4      | Reached XP level 3. HP: 23/24 MP: 0/7
   752 | D:4      | Learned a level 3 spell: Ozocubu's Armour
   790 | Ossuary  | Entered an ossuary
  2076 | Ossuary  | Reached XP level 4. HP: 20/30 MP: 9/9
  2428 | Ossuary  | Learned a level 4 spell: Summon Ice Beast
  2450 | Ossuary  | Slain by a water moccasin zombie

Vault maps used:
D:1:      onia_arrival_mini_spirals, minmay_tripent
D:3:      ebering_ghost_sewer_f
D:4:      minmay_temple_entry_crystal_x, nicolae_ossuary_entry_monument,
          first_ration, uniq_blork_the_orc, uniq_pikel
Ossuary:  ossuary_tomb_2

Skill      XL: |  1  2 |
---------------+-------+-----
Ice Magic      | 3 |  3.6
Spellcasting   | 3 |  3.6
Dodging        | |  1.5
Stealth        | |  1.5
Conjurations   | |  0.7

Action                   |  1- 3 |  4- 6 || total
-------------------------+-------+-------++-------
Melee: Unarmed           |    95 |    11 ||   106
 Cast: Freeze            |    83 |    15 ||    98
       Throw Frost       |     3 |       ||     3
       Summon Ice Beast  |       |     1 ||     1
  Use: Scroll            |       |     1 ||     1
Armor: Robe              |    29 |     3 ||    32
Dodge: Dodged            |    91 |     8 ||    99

Table legend:
 A = Non-vault XP
 B = Vault XP
 C = Vault XP percentage of total XP
 D = Non-vault monster count
 E = Vault monster count
 F = Vault count percentage of total count
                 A         B        C        D         E       F
            +---------+---------+-------+---------+---------+-------
      Total |      70 |      29 |  29.3 |      17 |      11 |  39.3
            +---------+---------+-------+---------+---------+-------
        D:1 |      14 |       0 |   0.0 |       7 |       0 |   0.0
        D:2 |      19 |       0 |   0.0 |       8 |       0 |   0.0
        D:4 |      37 |       0 |   0.0 |       2 |       0 |   0.0
    Ossuary |       0 |      29 | 100.0 |       0 |      11 | 100.0
            +---------+---------+-------+---------+---------+-------
